[gd_scene load_steps=25 format=3 uid="uid://ce62g0rn8q3ny"]

[ext_resource type="PackedScene" uid="uid://7gv6q50fuutj" path="res://usefulScripts/player/player_firstperson.tscn" id="1_ii1r6"]
[ext_resource type="Texture2D" uid="uid://dqrqp5x0ojofs" path="res://assets/pegasus.png" id="1_pg2m5"]
[ext_resource type="Shader" path="res://colorramp_mesh/colorramp_mesh.gdshader" id="2_lr2fd"]
[ext_resource type="Script" path="res://usefulScripts/scenes/scene_change.gd" id="2_x4bvo"]
[ext_resource type="PackedScene" uid="uid://d2graass7ka6a" path="res://pixelate_canvaslayer/scene.tscn" id="3_pdpso"]
[ext_resource type="PackedScene" uid="uid://bxhmnppyi0ky2" path="res://pixelate_mesh/scene_screen.tscn" id="4_w0oyp"]
[ext_resource type="PackedScene" uid="uid://dpx7qaaiamaw7" path="res://colorramp_canvaslayer/scene.tscn" id="5_lcuhr"]
[ext_resource type="PackedScene" uid="uid://dwrf32f3r63vc" path="res://pixelate_mesh/scene_objects.tscn" id="5_p3jn4"]
[ext_resource type="PackedScene" uid="uid://cc5pqihs7utpp" path="res://colorramp_mesh/scene_screen.tscn" id="7_j6tf7"]
[ext_resource type="PackedScene" uid="uid://bghwdr5xojyeh" path="res://colorramp_mesh/scene_objects.tscn" id="8_q8k5u"]

[sub_resource type="ProceduralSkyMaterial" id="ProceduralSkyMaterial_lqbgs"]
sky_top_color = Color(0, 0, 0, 1)
sky_horizon_color = Color(0.0862745, 0.180392, 0.392157, 1)
ground_horizon_color = Color(0.64625, 0.65575, 0.67075, 1)

[sub_resource type="Sky" id="Sky_o60ic"]
sky_material = SubResource("ProceduralSkyMaterial_lqbgs")

[sub_resource type="Environment" id="Environment_7m1rq"]
background_mode = 2
sky = SubResource("Sky_o60ic")

[sub_resource type="ShaderMaterial" id="ShaderMaterial_jb4ev"]
render_priority = 0
shader = ExtResource("2_lr2fd")
shader_parameter/size = 4.0
shader_parameter/auto_fit_camera = false
shader_parameter/start_color = Color(0, 0, 0, 1)
shader_parameter/end_color = Color(1, 1, 1, 1)
shader_parameter/start_clamp = 0.25
shader_parameter/end_clamp = 1.0

[sub_resource type="StandardMaterial3D" id="StandardMaterial3D_o0wk3"]
next_pass = SubResource("ShaderMaterial_jb4ev")
albedo_texture = ExtResource("1_pg2m5")
texture_filter = 0

[sub_resource type="BoxMesh" id="BoxMesh_usp5e"]
size = Vector3(100, 1, 100)

[sub_resource type="ConvexPolygonShape3D" id="ConvexPolygonShape3D_owfns"]
points = PackedVector3Array(-50, -0.5, -50, -50, 0.5, -50, 50, -0.5, -50, -50, -0.5, 50, -50, 0.5, 50, 50, 0.5, -50, 50, -0.5, 50, 50, 0.5, 50)

[sub_resource type="StandardMaterial3D" id="StandardMaterial3D_3aaea"]
emission_enabled = true
emission = Color(1, 1, 1, 1)

[sub_resource type="TextMesh" id="TextMesh_f8kxn"]
text = "pixelate with canvaslayer"
font_size = 42

[sub_resource type="TextMesh" id="TextMesh_3uea2"]
text = "colorramp with canvaslayer"
font_size = 42

[sub_resource type="TextMesh" id="TextMesh_4iu4o"]
text = "pixelate with mesh"
font_size = 42

[sub_resource type="TextMesh" id="TextMesh_je4hm"]
text = "pixelate objects with mesh"
font_size = 42

[sub_resource type="TextMesh" id="TextMesh_dquiu"]
text = "colorramp with mesh"
font_size = 42

[sub_resource type="TextMesh" id="TextMesh_gv1ea"]
text = "colorramp objects with mesh"
font_size = 42

[node name="Node3D" type="Node3D"]

[node name="WorldEnvironment" type="WorldEnvironment" parent="."]
environment = SubResource("Environment_7m1rq")

[node name="DirectionalLight3D" type="DirectionalLight3D" parent="."]
transform = Transform3D(-0.866025, -0.433013, 0.25, 0, 0.5, 0.866025, -0.5, 0.75, -0.433013, 0, 0, 0)
shadow_enabled = true

[node name="floor" type="StaticBody3D" parent="."]
transform = Transform3D(1, 0, 0, 0, 1, 0, 0, 0, 1, 0, -0.5, 0)

[node name="MeshInstance3D" type="MeshInstance3D" parent="floor"]
material_override = SubResource("StandardMaterial3D_o0wk3")
mesh = SubResource("BoxMesh_usp5e")
skeleton = NodePath("../..")

[node name="CollisionShape3D" type="CollisionShape3D" parent="floor"]
shape = SubResource("ConvexPolygonShape3D_owfns")

[node name="Player" parent="." instance=ExtResource("1_ii1r6")]
transform = Transform3D(1, 0, 0, 0, 1, 0, 0, 0, 1, 0, 1.0603, 0)
SPEED_SPRINT = 12.0
SPEED_NORMAL = 4.0

[node name="go_to_pixelate_canvaslayer" type="MeshInstance3D" parent="."]
transform = Transform3D(1, 0, 0, 0, 1, 0, 0, 0, 1, -3.70357, 2, -5)
material_override = SubResource("StandardMaterial3D_3aaea")
mesh = SubResource("TextMesh_f8kxn")
script = ExtResource("2_x4bvo")
otherScene = ExtResource("3_pdpso")

[node name="go_to_colorramp_canvaslayer" type="MeshInstance3D" parent="."]
transform = Transform3D(1, 0, 0, 0, 1, 0, 0, 0, 1, -9.8446, 2, -5)
material_override = SubResource("StandardMaterial3D_3aaea")
mesh = SubResource("TextMesh_3uea2")
script = ExtResource("2_x4bvo")
otherScene = ExtResource("5_lcuhr")

[node name="go_to_pixelate_mesh" type="MeshInstance3D" parent="."]
transform = Transform3D(1, 0, 0, 0, 1, 0, 0, 0, 1, 4, 2, -5)
material_override = SubResource("StandardMaterial3D_3aaea")
mesh = SubResource("TextMesh_4iu4o")
skeleton = NodePath("../go_to_pixelate_canvaslayer")
script = ExtResource("2_x4bvo")
otherScene = ExtResource("4_w0oyp")

[node name="go_to_pixelate_mesh_objects" type="MeshInstance3D" parent="."]
transform = Transform3D(1, 0, 0, 0, 1, 0, 0, 0, 1, 10, 2, -5)
material_override = SubResource("StandardMaterial3D_3aaea")
mesh = SubResource("TextMesh_je4hm")
skeleton = NodePath("../go_to_pixelate_canvaslayer")
script = ExtResource("2_x4bvo")
otherScene = ExtResource("5_p3jn4")

[node name="go_to_colorramp_mesh" type="MeshInstance3D" parent="."]
transform = Transform3D(-0.258819, 0, -0.965926, 0, 1, 0, 0.965926, 0, -0.258819, 12.4255, 2, -0.496006)
material_override = SubResource("StandardMaterial3D_3aaea")
mesh = SubResource("TextMesh_dquiu")
skeleton = NodePath("../go_to_pixelate_canvaslayer")
script = ExtResource("2_x4bvo")
otherScene = ExtResource("7_j6tf7")

[node name="go_to_colorramp_mesh_objects" type="MeshInstance3D" parent="."]
transform = Transform3D(-0.258819, 0, -0.965926, 0, 1, 0, 0.965926, 0, -0.258819, 10.8726, 2, 5.29955)
material_override = SubResource("StandardMaterial3D_3aaea")
mesh = SubResource("TextMesh_gv1ea")
skeleton = NodePath("../go_to_pixelate_canvaslayer")
script = ExtResource("2_x4bvo")
otherScene = ExtResource("8_q8k5u")
